 Dungeon Crawl Stone Soup version 0.28.0-43-g3370ac3207 (webtiles) character file.

Game seed: 10652450697783463760

242 issech the Cudgeller (level 5, -4/53 HPs)
             Began as a Troll Monk on Mar 29, 2022.
             Killed from afar by Crazy Yiuf (6 damage)
             ... with a puff of flame
             ... on level 3 of the Dungeon.
             The game lasted 00:06:48 (2820 turns).

issech the Cudgeller (Troll Monk)                   Turns: 2820, Time: 00:06:48

Health: -4/53      AC:  4    Str: 19    XL:     5   Next: 82%
Magic:  2/4        EV: 11    Int:  6    God:
Gold:   73         SH:  0    Dex: 14    Spells: 4/4 levels left

rFire   . . .      SeeInvis .   h - +0 flail
rCold   . . .      Faith    .   (no shield)
rNeg    . . .      Spirit   .   b - +0 robe
rPois   .          Reflect  .   (helmet restricted)
rElec   .          Harm     .   (no cloak)
rCorr   .          Rampage  .   (gloves unavailable)
Will    .....                   (boots unavailable)
Stlth   ++........              (no amulet)
HPRegen 0.97/turn               (no ring)
MPRegen 0.09/turn               (no ring)

@: lethally poisoned (-4 -> -6)
A: large, unfitting armour, claws 3, regeneration 1, shaggy fur 1, tough skin 1
a: no special abilities


You were on level 3 of the Dungeon.
You visited 1 branch of the dungeon, and saw 4 of its levels.

You collected 73 gold pieces.

Inventory:

Hand Weapons
 a - a +0 mace
 h - a +0 flail (weapon)
 j - a +0 war axe
Missiles
 c - 123 stones (quivered)
 k - 20 bolts
 o - 2 poisoned darts
Armour
 b - a +0 robe (worn)
Scrolls
 d - a scroll of enchant armour {unknown}
 f - a scroll of brand weapon {unknown}
 g - 2 scrolls of fear {unknown}
 l - 2 scrolls of noise {unknown}
 n - a scroll of enchant weapon {unknown}
Potions
 e - a potion of resistance {unknown}
 i - a potion of haste {unknown}
 m - 2 potions of flight {unknown}


   Skills:
 + Level 3.4 Fighting
 + Level 4.5 Maces & Flails
 + Level 3.3 Dodging
 + Level 1.3 Stealth


You had 4 spell levels left.
You didn't know any spells.
Your spell library contained the following spells:

 Spells                   Type           Power      Damage    Failure   Level
 Summon Small Mammal      Summ           0%         N/A       45%         1
 Call Canine Familiar     Summ           0%         N/A       83%         3
 Summon Guardian Golem    Hex/Summ       0%         N/A       83%         3
 Tukima's Dance           Hex            0%         N/A       83%         3
 Anguish                  Hex/Necr       0%         N/A       99%         4
 Enfeeble                 Hex            0%         N/A       100%        7


Dungeon Overview and Level Annotations

Branches:
Dungeon (4/15)
 Temple: D:4-7

Altars:
Ashenzari

Annotations:
D:3 Crazy Yiuf


Innate Abilities, Weirdness & Mutations

You are too large for most types of armour.
You have claws for hands.
Your natural rate of healing is unusually fast.
You are covered in fur. (AC +1)
You have tough skin. (AC +1)


Message History

You kill the water moccasin!
Your Dodging skill increases to level 3!
There is a stone staircase leading up here.
Could not explore, unopened runed door.
You open the door.
Crazy Yiuf zaps a wand.
The puff of flame hits you!
Crazy Yiuf screams, "Cards!"
Crazy Yiuf zaps a wand.
The puff of flame hits you.
There is an open translucent door here.
You hit Crazy Yiuf.
Crazy Yiuf is lightly wounded.
Crazy Yiuf barely misses you.
Crazy Yiuf hits you with a +3 quarterstaff of chaos!
You blink.
Crazy Yiuf zaps a wand.
The puff of flame hits you.
Crazy Yiuf says, "Line!"
Crazy Yiuf closely misses you.
You hit Crazy Yiuf.
Crazy Yiuf is moderately wounded.
Crazy Yiuf says, "Nubble fast head!"
Crazy Yiuf hits you with a +3 quarterstaff of chaos!
You hit Crazy Yiuf but do no damage.
Crazy Yiuf is moderately wounded.
Crazy Yiuf hits you with a +3 quarterstaff of chaos.
You hit Crazy Yiuf.
Crazy Yiuf is severely wounded.
Crazy Yiuf hits you with a +3 quarterstaff of chaos.
* * * LOW HITPOINT WARNING * * *
You feel your power leaking away.
You completely miss Crazy Yiuf.
Crazy Yiuf is severely wounded.
Crazy Yiuf drinks a potion.
Crazy Yiuf is healed!
You hit Crazy Yiuf but do no damage.
Crazy Yiuf hits you with a +3 quarterstaff of chaos!
* * * LOW HITPOINT WARNING * * *
You are lethally poisoned!
You barely miss Crazy Yiuf.
* * * LOW HITPOINT WARNING * * *
You feel very sick.
Crazy Yiuf zaps a wand.
The puff of flame hits you.
You die...

#.........# ####.#####..
#.........######.######.
#........†..............
#..#####################
#..# #..# #..#
♣♣♣♣♣##..### #..#
#####♣♣♣.♣.♣#.....# #..#
#...#♣..♣.......... ####
#.@g'.♣♣♣♣.........
#)..#♣♣ ♣♣.#..##.. #####
♣♣#####.. #.. #..
########### ##.
#.........# #..
#.........# #.#
#.........# #.#


You could see Crazy Yiuf.

Vanquished Creatures
  A water moccasin (D:3)
  An orc priest (D:2)
  3 gnolls (D:2)
  An adder (D:3)
  A worm (D:2)
  3 dart slugs
  4 orcs (D:2)
  An endoplasm (D:3)
  2 giant cockroaches (D:1)
  3 goblins
  4 hobgoblins
  4 quokkas (D:3)
  4 ball pythons
  6 bats
  6 frilled lizards
  3 kobolds
  23 rats
70 creatures vanquished.

Notes
Turn   | Place    | Note
-------+----------+-------------------------------------------
     0 | D:1      | issech the Troll Monk began the quest for the Orb.
     0 | D:1      | Reached XP level 1. HP: 22/22 MP: 0/0
   587 | D:1      | Reached XP level 2. HP: 29/29 MP: 1/1
   880 | D:2      | Reached skill level 3 in Maces & Flails
   974 | D:2      | Reached XP level 3. HP: 27/36 MP: 2/2
  1338 | D:2      | Reached XP level 4. HP: 37/45 MP: 3/3
  2405 | D:3      | Reached skill level 4 in Maces & Flails
  2475 | D:3      | Found a broken altar of Ashenzari.
  2557 | D:3      | Reached XP level 5. HP: 42/53 MP: 4/4
  2663 | D:3      | Found a runed translucent door.
  2664 | D:3      | Noticed Crazy Yiuf
  2696 | D:3      | Noticed a water moccasin
  2727 | D:3      | Killed a water moccasin
  2820 | D:3      | HP: 2/53 [poisoned by Crazy Yiuf]
  2820 | D:3      | Killed from afar by Crazy Yiuf

Illustrated notes

Levels and vault maps discovered:
D:1:      minmay_arrival_shattered_statue, layout_basic, hangedman_decor_points,
          minmay_misc_feat_chi, chequers_hall_statues_wall_a,
          minmay_fountain_box
D:2:      layout_basic
D:3:      layout_rooms, lemuel_doored_altar, minmay_rat_hole,
          uniq_crazy_yiuf_cottage
D:4:      layout_basic, ebering_ghost_sewer_d, corexii_corridor_pit,
          minmay_misc_feat_room, guppyfry_early_orc_mine, uniq_menkaure

Skill      XL: |  1  2  3  4  5 |
---------------+----------------+-----
Maces & Flails | 3 4 |  4.5
Fighting       | 3 |  3.4
Dodging        | 3 |  3.3
Stealth        | |  1.3

Action                   |  1- 3 |  4- 6 || total
-------------------------+-------+-------++-------
Melee: Mace              |    41 |       ||    41
       Flail             |    41 |   124 ||   165
       Punch             |       |     1 ||     1
 Stab: Sleeping          |       |     3 ||     3
Armor: Robe              |    22 |    67 ||    89
Dodge: Dodged            |    38 |    77 ||   115
